General information
- name: BNet
- type: Ladder team game (AT/RT)
- host: Battle.net
- saver: dota_shi.tstain
map: HurricaneIsle
- players: 8
- length: 10:59
- speed: Fast
- version: 1.26 W3XP
- replay type: Public
» download(47 KB)
Players
team 1 (loser)
Love2Lose (
teal | 63 APM | 691 actions | 10:57)
3 Mountain King
2 Storm Bolt
1 Bash
1 Paladin
1 Devotion Aura
1 Beastmaster
1 Summon Bear
1 Firelord
1 Summon Lava Spawn
» actions
| Assign group hotkey | 28 | |
| Basic commands | 20 | |
| Build / train | 67 | |
| ESC pressed | 5 | |
| Enter build submenu | 47 | |
| Enter hero's abilities submenu | 6 | |
| Right click | 202 | |
| Select / deselect | 207 | |
| Select group hotkey | 39 | |
| Use ability | 70 | |
691 total
» units
| Peasant | 36 | |
| Footman | 2 | |
| Gryphon Rider | 2 | |
| Goblin Zeppelin | 1 | |
41 total
» upgrades
| Lumber Harvesting | 3 | |
| Masonry | 3 | |
| Storm Hammers | 1 | |
7 total
» buildings
| Keep | 2 | |
| Farm | 8 | |
| Lumber Mill | 2 | |
| Altar of Kings | 1 | |
| Castle | 2 | |
| Gryphon Aviary | 5 | |
| Town Hall | 2 | |
| Arcane Vault | 2 | |
| Scout Tower | 14 | |
| Guard Tower | 5 | |
43 total
» build order
01:54 Keep
01:54 Keep
02:03 Farm
02:23 Lumber Mill
02:46 Altar of Kings
04:20 Farm
04:46 Castle
05:10 Gryphon Aviary
05:43 Gryphon Aviary
06:41 Town Hall
06:53 Castle
06:56 Gryphon Aviary
06:59 Gryphon Aviary
07:02 Arcane Vault
07:12 Farm
07:19 Farm
07:22 Scout Tower
07:50 Farm
07:53 Lumber Mill
07:56 Guard Tower
08:00 Farm
08:05 Gryphon Aviary
08:11 Scout Tower
08:14 Scout Tower
08:16 Scout Tower
08:18 Scout Tower
08:21 Scout Tower
08:23 Scout Tower
08:27 Scout Tower
08:49 Guard Tower
08:52 Farm
08:54 Guard Tower
09:28 Scout Tower
09:45 Farm
09:49 Scout Tower
10:06 Guard Tower
10:24 Town Hall
10:28 Scout Tower
10:37 Guard Tower
10:38 Arcane Vault
10:43 Scout Tower
10:44 Scout Tower
10:49 Scout Tower
kk-rur (
green | 52 APM | 172 actions | 03:17)
1 Paladin
1 Holy Light
» actions
| Assign group hotkey | 7 | |
| Basic commands | 6 | |
| Build / train | 24 | |
| Enter build submenu | 6 | |
| Enter hero's abilities submenu | 1 | |
| Right click | 62 | |
| Select / deselect | 31 | |
| Select group hotkey | 28 | |
| Use ability | 7 | |
172 total
» units
» upgrades
» buildings
| Altar of Kings | 1 | |
| Farm | 3 | |
| Lumber Mill | 1 | |
| Barracks | 1 | |
| Keep | 3 | |
9 total
» build order
00:10 Altar of Kings
00:14 Farm
00:27 Lumber Mill
01:09 Barracks
01:32 Farm
02:50 Keep
02:50 Keep
03:16 Farm
ZANE_WAS_HERE (
pink | 30 APM | 315 actions | 10:35)
» actions
| Assign group hotkey | 5 | |
| Build / train | 24 | |
| Enter build submenu | 17 | |
| Remove unit from queue | 1 | |
| Right click | 102 | |
| Select / deselect | 132 | |
| Select group hotkey | 8 | |
| Use ability | 26 | |
315 total
» units
» upgrades
| Armor | 1 | |
| Ranged Weapons | 1 | |
| Liquid Fire | 1 | |
3 total
» buildings
| Orc Burrow | 4 | |
| War Mill | 1 | |
| Stronghold | 1 | |
| Beastiary | 4 | |
| Voodoo Lounge | 1 | |
| Altar of Storms | 1 | |
| Fortress | 1 | |
13 total
» build order
00:36 Orc Burrow
01:56 War Mill
02:18 Stronghold
02:52 Orc Burrow
04:40 Beastiary
04:45 Beastiary
04:47 Beastiary
04:54 Beastiary
05:47 Orc Burrow
05:58 Voodoo Lounge
06:11 Altar of Storms
06:55 Orc Burrow
07:53 Fortress
team 2 (winner)

»
dota_shi.tstain (
blue | 68 APM | 750 actions | 10:59)
2 Blademaster
1 Wind Walk
1 Critical Strike
2 Death Knight
1 Death Coil
1 Unholy Aura
» actions
| Assign group hotkey | 70 | |
| Basic commands | 5 | |
| Build / train | 70 | |
| ESC pressed | 2 | |
| Enter build submenu | 25 | |
| Enter hero's abilities submenu | 5 | |
| Give item / drop item | 4 | |
| Right click | 167 | |
| Select / deselect | 146 | |
| Select group hotkey | 202 | |
| Use ability | 54 | |
750 total
» units
| Peon | 10 | |
| Acolyte | 9 | |
| Ghoul | 2 | |
| Crypt Fiend | 6 | |
| Goblin Shredder | 1 | |
| Troll Batrider | 11 | |
| Obsidian Statue | 1 | |
40 total
» upgrades
» buildings
| Altar of Storms | 1 | |
| Orc Burrow | 4 | |
| Necropolis | 1 | |
| Crypt | 1 | |
| Altar of Darkness | 1 | |
| Ziggurat | 5 | |
| Voodoo Lounge | 1 | |
| Stronghold | 2 | |
| Halls of the Dead | 3 | |
| Graveyard | 1 | |
| Tomb of Relics | 1 | |
| Beastiary | 3 | |
| Fortress | 1 | |
| Black Citadel | 4 | |
| Sacrificial Pit | 1 | |
| Slaughterhouse | 1 | |
| Nerubian Tower | 1 | |
| War Mill | 1 | |
33 total
» build order
00:08 Altar of Storms
00:12 Orc Burrow
00:26 Necropolis
01:01 Crypt
01:03 Altar of Darkness
01:35 Orc Burrow
01:42 Ziggurat
02:08 Voodoo Lounge
02:46 Stronghold
02:46 Stronghold
03:03 Orc Burrow
03:18 Halls of the Dead
03:18 Halls of the Dead
03:18 Halls of the Dead
03:37 Graveyard
03:53 Ziggurat
04:18 Tomb of Relics
05:10 Beastiary
05:11 Beastiary
05:14 Orc Burrow
05:21 Ziggurat
05:45 Fortress
06:01 Beastiary
06:09 Black Citadel
06:09 Black Citadel
06:09 Black Citadel
06:59 Sacrificial Pit
07:01 Slaughterhouse
07:02 Ziggurat
07:37 Nerubian Tower
07:39 Ziggurat
10:10 War Mill
» items
| Healing Salve | 3 | |
| Lesser Clarity Potion | 1 | |
| Tiny Great Hall | 3 | |
| Scroll of Town Portal | 1 | |
8 total
G13M (
yellow | 19 APM | 4 actions | 00:12)
» actions
| Select / deselect | 2 | |
| Use ability | 2 | |
4 total
mommyslomy (
purple | 46 APM | 504 actions | 10:58)
1 Paladin
1 Holy Light
1 Blood Mage
1 Flame Strike
» actions
| Assign group hotkey | 10 | |
| Basic commands | 1 | |
| Build / train | 31 | |
| Enter build submenu | 18 | |
| Enter hero's abilities submenu | 2 | |
| Right click | 146 | |
| Select / deselect | 185 | |
| Select group hotkey | 89 | |
| Use ability | 22 | |
504 total
» units
» upgrades
| Plating | 1 | |
| Gunpowder | 1 | |
| Armor | 1 | |
| Swords | 1 | |
| Flying Machine Bombs | 1 | |
5 total
» buildings
| Altar of Kings | 1 | |
| Farm | 7 | |
| Blacksmith | 1 | |
| Lumber Mill | 1 | |
| Keep | 1 | |
| Scout Tower | 2 | |
| Guard Tower | 2 | |
| Arcane Vault | 1 | |
| Workshop | 2 | |
| Castle | 1 | |
19 total
» build order
00:13 Altar of Kings
00:17 Farm
00:35 Farm
00:40 Blacksmith
00:43 Lumber Mill
01:50 Farm
01:53 Farm
02:37 Farm
03:41 Farm
03:44 Farm
03:50 Keep
04:48 Scout Tower
05:16 Guard Tower
05:19 Scout Tower
05:29 Arcane Vault
05:50 Guard Tower
06:20 Workshop
06:22 Workshop
06:26 Castle
» items
| Potion of Healing | 2 | |
| Orb of Fire | 1 | |
3 total
Chat log
(00:06 / All) Love2Lose: HEY GAY MAP
(00:16 / Allies) dota_shi.tstain: stay i got him
(00:17 / All) ZANE_WAS_HERE: wtfffff
(00:38 / All) Love2Lose: what do you expect, this is an ultra homosexual map
(00:47 / All) dota_shi.tstain: too dumb to use a blimp?
(00:56 / All) Love2Lose: yes blue, yes i am
(01:11 / All) Love2Lose: we'll see whose dumb
(01:24 / Allies) dota_shi.tstain: yeah i see
(01:31 / Allies) dota_shi.tstain: they have ana fker too though
(04:33 / Allies) mommyslomy: blue get wind riders
(04:36 / Allies) dota_shi.tstain: im getting bats for aa
(04:40 / Allies) dota_shi.tstain: they will almost assuredly get air
(04:41 / Allies) mommyslomy: k
(04:57 / Allies) dota_shi.tstain: gonna get fiends with the leaver
(05:02 / Allies) dota_shi.tstain: for an all around defense force
(06:25 / Allies) dota_shi.tstain: you need another guy in your mine
(06:41 / Allies) mommyslomy: come on oj
(07:40 / Allies) mommyslomy: gold
(07:42 / Allies) mommyslomy: pls
(07:49 / Allies) dota_shi.tstain: what makes you think i have extra
(07:56 / Allies) dota_shi.tstain: you dont even have a full mine
(08:04 / Allies) dota_shi.tstain: oput 5 peons in your damn mine
(08:07 / Allies) dota_shi.tstain: and you wont be so poor